 Dungeon Crawl Stone Soup version 0.31.0-7-gf635a9b802 (webtiles) character file.

Game seed: 10595875675662958999

37 petercordia the Trooper (level 3, 0/37 HPs)
             Began as an Oni Warper on Jan 23, 2024.
             Slain by an adder (4 damage)
             ... on level 2 of the Dungeon.
             The game lasted 00:02:03 (986 turns).

petercordia the Trooper (Oni Warper)                 Turns: 986, Time: 00:02:05

Health: 0/37       AC:  3    Str: 15    XL:     3   Next: 39%
Magic:  6/6        EV:  8    Int: 14    God:
Gold:   67         SH:  6    Dex: 10    Spells: 2/6 levels left

rFire   . . .        a - +0 mace
rCold   . . .        f - +0 kite shield
rNeg    . . .        b - +0 robe
rPois   .            (helmet restricted)
rElec   .            (no cloak)
rCorr   .            (gloves unavailable)
SInv    .            (boots unavailable)
Will    .....        (no amulet)
Stlth   +            (no ring)
HPRegen 0.26/turn    (no ring)
MPRegen 0.10/turn

%: no passive effects
@: lethally poisoned (0 -> -4)
A: large, unfitting armour, horns 1, tough skin 1, double potion healing,
drunken brawling
a: no special abilities


You were on level 2 of the Dungeon.
You visited 1 branch of the dungeon, and saw 2 of its levels.

You collected 67 gold pieces.

Inventory:

Hand Weapons
 a - a +0 mace (weapon)
Missiles
 d - 7 darts of dispersal (quivered)
 j - 4 javelins
 k - 18 stones
 n - 6 poisoned darts
Armour
 b - a +0 robe (worn)
 f - a +0 kite shield (worn)
Scrolls
 c - a scroll of blinking
 e - a scroll of amnesia {unknown}
 g - a scroll of fear {unknown}
 h - a scroll of teleportation {unknown}
 i - 3 scrolls of identify {unknown}
 m - a scroll of noise {unknown}
 o - a scroll of revelation {unknown}
Potions
 l - 2 potions of ambrosia {unknown}
 p - a potion of attraction {unknown}


   Skills:
 + Level 3.2 Fighting
 * Level 2.7 Maces & Flails
 - Level 1.0 Throwing
 + Level 2.4 Dodging
 + Level 0.8 Stealth
 - Level 2.4 Spellcasting
 - Level 2.6 Translocations


You had 2 spell levels left.
You knew the following spells:

 Your Spells              Type           Power      Damage    Failure   Level
a - Blink                 Tloc           18%        N/A       38%         2
b - Lesser Beckoning      Tloc           18%        N/A       38%         2

Your spell library contained the following spells:

 Spells                   Type           Power      Damage    Failure   Level
 Teleport Other           Tloc           9%         N/A       63%         3
 Fugue of the Fallen      Necr           1%         N/A       94%         3
 Ozocubu's Armour         Ice            1%         N/A       94%         3
 Manifold Assault         Tloc           9%         N/A       95%         4
 Vhi's Electric Charge    Tloc/Air       10%        N/A       99%         4


Dungeon Overview and Level Annotations

Branches:
Dungeon (2/15)

Altars:


Innate Abilities, Weirdness & Mutations

You are too large for most types of armour.
You have a pair of small horns on your head.
You have tough skin. (AC +1)
You gain doubled healing and magic from potions.
Whenever you drink a healing potion, you attack all around you.


Message History

You block the kobold's attack.
You miss the adder.
The adder is moderately wounded.
You block the adder's attack. The adder barely misses you.
The kobold closely misses you.
You closely miss the adder. Your headbutt misses the adder.
The adder is moderately wounded.
The adder bites you.
You are poisoned.
The adder poisons you! The kobold barely misses you.
The adder bites you but does no damage.
You closely miss the adder.
The adder is moderately wounded.
You feel sick. The kobold hits you with a +0 club. The adder misses you.
The adder bites you. The kobold hits you with a +0 club.
You hit the adder but do no damage.
The adder is moderately wounded.
You feel sick. The adder barely misses you. The kobold hits you with a +0 club.
The adder bites you but does no damage.
You are too injured to fight recklessly!
You are too injured to fight recklessly!
You hit the adder but do no damage. You headbutt the adder.
The adder is moderately wounded.
You feel sick. The kobold hits you with a +0 club.
* * * LOW HITPOINT WARNING * * *
The adder bites you.
* * * LOW HITPOINT WARNING * * *
You block the kobold's attack. You block the adder's attack.
You hit the adder. Your headbutt misses the adder.
The adder is severely wounded.
You feel sick.
You are no longer poisoned.
You block the adder's attack. The kobold hits you but does no damage.
You miss the adder.
The adder is severely wounded.
The adder bites you.
* * * LOW HITPOINT WARNING * * *
You are lethally poisoned!
The adder poisons you! The kobold barely misses you. The adder bites you.
You die...

#..^..# #.....#
+.....+ #
#.....# .#.
#.....#
...##.....#
......KS..#
#...@..#
#......#
##...##########
###..........#
###........#
##.......#
##### #.......#
#.... #.......#
#.... ####.)###
#....


You could see an adder and a kobold.

Vanquished Creatures
  An adder (D:2)
  A dart slug (D:1)
  2 ball pythons
  2 bats (D:1)
  6 endoplasms (D:1)
  A giant cockroach (D:1)
  3 goblins (D:1)
  3 quokkas (D:1)
  2 frilled lizards (D:1)
  2 kobolds (D:1)
23 creatures vanquished.

Notes
Turn   | Place    | Note
-------+----------+-------------------------------------------
     0 | D:1      | petercordia the Oni Warper began the quest for the Orb.
     0 | D:1      | Reached XP level 1. HP: 22/22 MP: 3/3
   211 | D:1      | Reached XP level 2. HP: 19/29 MP: 5/5
   298 | D:1      | Reached skill level 3 in Fighting
   754 | D:1      | Reached XP level 3. HP: 35/37 MP: 6/6
   849 | D:2      | Learned a level 2 spell: Blink
   852 | D:2      | Learned a level 2 spell: Lesser Beckoning
   986 | D:2      | Slain by an adder

Illustrated notes

Levels and vault maps discovered:
D:1:      scummos_arrival_simple_crosswalls, layout_basic, minmay_3d_cube
D:2:      layout_basic

Skill      XL: |  1  2 |
---------------+-------+-----
Fighting       | 3 |  3.2
Maces & Flails | |  2.7
Throwing       | |  1.0
Dodging        | |  2.4
Stealth        | |  0.8
Spellcasting   | |  2.4
Translocations | |  2.6

Action                     || total
---------------------------++-------
  Melee: Mace              ||    66
         Headbutt          ||     4
   Stab: Sleeping          ||     1
 Armour: Robe              ||    55
  Dodge: Dodged            ||    22
  Block: Kite shield       ||    24
